 Dungeon Crawl Stone Soup version 0.19-a0-1815-g4007336 (webtiles) character file.

87488 witty the Eclecticist (level 15, -10/90 HPs)
             Began as a Deep Elf Conjurer on Oct 4, 2016.
             Was the Champion of Vehumet.
             Mangled by a merfolk
             ... wielding a +0 trident
              (27 damage)
             ... on level 1 of the Shoals on Oct 5, 2016.
             The game lasted 02:29:30 (22087 turns).

witty the Eclecticist (Deep Elf Conjurer)          Turns: 22087, Time: 02:29:31

Health: -10/90     AC:  5    Str:  8    XL:     15   Next: 43%
Magic:  47/48      EV: 19    Int: 26    God:    Vehumet [******]
Gold:   1525       SH:  0    Dex: 15    Spells: 8 memorised, 14 levels left

rFire  . . .     SeeInvis .     U - staff of wizardry {wiz+, !a}
rCold  . . .     Gourm    .     P - +0 robe {MR+}
rNeg   + . .     Faith    .     (no shield)
rPois  .         Spirit   .     (no helmet)
rElec  .         Dismiss  .     r - +1 cloak
rCorr  .         Reflect  .     W - +0 pair of gloves (curse)
MR     ++...     Harm     .     (no boots)
Stlth  ++........               k - amulet of magic regeneration
                                G - ring of magical power {MP+9}
                                K - ring of positive energy {rN+}

@: very slightly contaminated
A: strong 1
a: Renounce Religion


You were on level 1 of the Shoals.
You worshipped Vehumet.
Vehumet was exalted by your worship.
You were not hungry.

You visited 6 branches of the dungeon, and saw 23 of its levels.
You also visited: Labyrinth.

You collected 1525 gold pieces.

Inventory:

Hand Weapons
 d - the +2 great mace of Invincibility {drain, rC+ Str+3}
   (You found it on level 11 of the Dungeon)

   A truly terrible weapon, it drains the life of those it strikes.
   It affects your strength (+3).
   It protects you from cold.
Missiles
 a - 5 curare-tipped needles
 B - 7 throwing nets {=f, !d}
Armour
 n - a +2 scale mail of cold resistance
   (You found it on level 8 of the Dungeon)
 r - a +1 cloak (worn)
   (You found it on level 3 of the Dungeon)
 P - a +0 robe of magic resistance (worn)
   (You took it off Josephine on level 11 of the Dungeon)
 W - a cursed +0 pair of gloves (worn)
   (You found it on level 4 of the Lair of Beasts)
Magical Staves
 f - an uncursed staff of air {rElec}
   (You found it on level 10 of the Dungeon)
 g - an uncursed staff of poison {rPois}
   (You found it on level 3 of the Lair of Beasts)
 M - an uncursed staff of cold {rC+}
   (You found it on level 5 of the Lair of Beasts)
 U - an uncursed staff of wizardry (weapon) {wiz+, !a}
   (You found it in a labyrinth)
Rods
 S - a +1 rod of clouds (12/12) {!a}
   (You found it in a labyrinth)
 T - a -2 rod of shadows (10/10)
   (You found it in a labyrinth)
Jewellery
 k - an amulet of magic regeneration (around neck)
   (You found it on level 3 of the Dungeon)
 l - a +4 ring of dexterity
   (You found it on level 10 of the Dungeon)
 t - a +6 ring of intelligence
   (You found it on level 4 of the Dungeon)
 G - a ring of magical power (right hand) {MP+9}
   (You found it on level 9 of the Dungeon)
 K - a ring of positive energy (left hand) {rN+}
   (You found it on level 4 of the Lair of Beasts)
 R - an uncursed ring of poison resistance {rPois, !d}
   (You found it in a labyrinth)
Wands
 e - a wand of hasting (2/9)
   (You took it off Grinder on level 3 of the Dungeon)
 s - a wand of polymorph (13/24)
   (You found it on level 3 of the Lair of Beasts)
 C - a wand of slowing (20/48)
   (You found it on level 1 of the Shoals)
 L - a wand of paralysis (12/24)
   (You found it on level 4 of the Lair of Beasts)
 O - a wand of polymorph (10/24)
   (You found it in a labyrinth)
 Q - a wand of iceblast (5/15)
   (You found it in a labyrinth)
Scrolls
 b - a scroll of enchant weapon
 h - 8 scrolls of identify
 j - 8 scrolls of remove curse
 o - a scroll of recharging
 u - 2 scrolls of enchant armour
 y - 2 scrolls of fog
Potions
 w - 3 potions of curing
 x - 2 potions of resistance
 z - 2 potions of brilliance
 A - 2 potions of agility
 I - a potion of might
Miscellaneous
 J - a phial of floods
   (You found it on level 11 of the Dungeon)
Comestibles
 c - 10 bread rations {@e1}
 m - 3 beef jerkies
 p - 8 fruits
 q - a royal jelly
 H - 4 meat rations {@e2}


   Skills:
 - Level 9.0 Fighting
 - Level 10.3 Dodging
 - Level 2.4 Stealth
 - Level 18.0 Spellcasting
 - Level 18.0 Conjurations
 - Level 6.4 Hexes
 - Level 8.3 Charms
 + Level 4.8 Summonings
 + Level 4.7 Fire Magic


You had 14 spell levels left.
You knew the following spells:

 Your Spells              Type           Power        Failure   Level  Hunger
a - Magic Dart            Conj           ####         0%          1    None
b - Dazzling Spray        Conj/Hex       ######       1%          3    None
c - Orb of Destruction    Conj           #######...   1%          7    #####..
d - Force Lance           Conj/Tloc      ######..     1%          4    None
e - Spellforged Servitor  Conj/Summ      ######....   2%          7    #####..
f - Bolt of Magma         Conj/Fire/Erth ######....   1%          5    None
x - Iskenderun's Mystic   Conj           #######.     0%          4    None
z - Iskenderun's Battles  Conj/Chrm      #######.     1%          5    None


Dungeon Overview and Level Annotations

Branches:
Dungeon (11/15)            Temple (1/1) D:6            Lair (6/6) D:10
 Shoals (2/4) Lair:2       Spider (1/4) Lair:4        Slime (0/5) Lair:6
    Orc (2/2) D:11            Elf (0/3) Orc:2

Altars:
Cheibriados
Fedhas
Gozag
Hepliaklqana
Kikubaaqudgha
Makhleb
Okawaru
Ru
Sif Muna
Trog
Uskayaw
Vehumet
Xom
Yredelemnul
Zin
The Shining One
Beogh

Shops:
D:11 ?[*!*   Orc:1 [   Orc:2 [**(=

Annotations:
D:5 Maruxus's ghost, novice MiBe
D:9 TySteely's ghost, novice GrFi


Innate Abilities, Weirdness & Mutations

Your muscles are strong. (Str +2)


Message History

Unknown command.
You feel yourself slow down.
You enter the shallow water.
Moving in this stuff is going to be slow.
Splash!
You fall into the shallow water.
Moving in this stuff is going to be slow.
There is a staircase back to the Lair here.
You enter the shallow water.
Moving in this stuff is going to be slow.
You are near starving!
You regained 6 hp, and now have 69/90 hp.
You start eating one of the 10 fruits.
You are feeling hungry.
Mmmm...
Yummy orange.
You start eating one of the 9 fruits.
That durian smelled terrible... but tasted delicious!
There is a stone staircase leading down here.
You start resting.
Your magical contamination has completely faded away.
You regained 10 hp, and now have 82/90 hp.
You climb downwards. 2 merfolk and a merfolk aquamancer come into view.
The merfolk aquamancer is wielding a rapier of venom.
The merfolk shouts!
The merfolk aquamancer shouts!
The merfolk shouts!
The merfolk misses you.
There is a stone staircase leading up here.
Okay, then.
You summon a servant imbued with your destructive magic!
The merfolk throws a throwing net.
The throwing net completely misses you.
The merfolk hits you from afar with a trident!
You take 12 damage, and have 71/90 hp.
You now have 41/48 mp.
Aim: a merfolk, wielding a trident The spray of energy hits the merfolk. x2
The spray of energy hits the merfolk aquamancer.
The centaur wields a shortbow.
The centaur shoots an arrow.
The arrow hits your spellforged servitor.
The merfolk aquamancer gestures at you while chanting.
The ball of steam hits you! The merfolk misses you.
Your spellforged servitor casts a spell at the merfolk.
The lance of force hits the merfolk.
The merfolk is knocked back by the lance of force.
The centaur shoots an arrow.
The arrow hits your spellforged servitor!
You take 39 damage, and have 32/90 hp.
MASSIVE DAMAGE!!
You now have 39/48 mp.
You are engulfed in a cloud of scalding steam.
* * * LOW HITPOINT WARNING * * *
The centaur shoots an arrow.
The arrow misses you.
The merfolk throws a throwing net.
The throwing net misses you.
Your spellforged servitor points at the merfolk and mumbles some strange words.
The bolt of magma hits the merfolk.
There is an escape hatch in the ceiling here.
You take 7 damage, and have 25/90 hp.
Okay, then.
You are engulfed in a cloud of scalding steam.
* * * LOW HITPOINT WARNING * * *
You take 5 damage, and have 20/90 hp.
Okay, then.
Really read
i - a scroll of blinking {!r}? [Y]es or [N]o only, please.
Really read
i - a scroll of blinking {!r}? [Y]es or [N]o only, please.
Really read
i - a scroll of blinking {!r}? [Y]es or [N]o only, please.
Really read
i - a scroll of blinking {!r}?
Blink to where?
You are very lightly contaminated with residual magic.
As you read the scroll of blinking {!r}, it crumbles to dust.
A manticore comes into view.
Found 21 sling bullets, a papyrus book and a paperback book.
Found a stone staircase leading up.
Found 14 stones.
Found an escape hatch in the floor.
You start resting.
A merfolk comes into view. It is wielding a trident.
Found a stone staircase leading down.
The manticore flicks its tail.
The volley of spikes misses you.
The centaur wields a shortbow.
The centaur shoots an arrow.
The arrow hits you!
* * * LOW HITPOINT WARNING * * *
There is a stone staircase leading up here.
You see here an arrow.
You take 7 damage, and have 16/90 hp.
Your spellforged servitor launches a ball of destructive magic.
The wavering orb of destruction weakly hits the merfolk aquamancer.
The merfolk aquamancer is blown up!
Vehumet accepts your kill.
The centaur shoots an arrow.
The arrow closely misses you.
You hear a splash.
The merfolk barely misses you.
The manticore flicks its tail.
The volley of spikes misses you.
You climb upwards.
The merfolk shouts!
A merfolk comes into view. It is wielding a trident.
The merfolk shouts!
The merfolk throws a tomahawk.
The tomahawk misses you.
The merfolk hits you from afar with a trident!!
You die...

###############
≈≈≈≈≈≈≈≈≈≈≈≈≈≈≈
≈≈≈≈≈≈≈≈≈≈≈≈≈≈≈
≈≈≈≈≈≈≈≈≈≈≈≈≈≈≈
≈≈≈≈≈≈≈≈≈≈≈≈≈≈≈
≈≈≈≈≈≈≈≈≈≈≈≈≈≈≈
≈≈≈≈≈≈≈≈≈≈≈≈≈≈≈
≈≈≈≈≈≈≈@≈m≈≈≈≈≈
≈≈≈≈≈≈≈≈≈≈≈≈≈≈≈
≈≈≈≈≈≈≈≈≈≈≈≈≈≈m
≈≈≈≈≈≈.....≈≈≈≈
≈≈≈≈≈≈....≈≈≈≈≈ ≈≈≈≈≈
≈≈≈≈≈.....≈≈≈≈≈≈≈≈≈≈≈≈≈≈
≈≈≈≈≈≈
≈≈≈≈$...##≈..≈≈≈≈≈≈≈≈≈≈≈
≈≈≈≈≈≈≈ ≈≈≈≈....#
≈≈.≈≈≈≈≈≈≈≈≈≈≈ ≈≈≈≈≈≈≈≈
≈≈≈≈≈≈≈≈≈≈≈≈≈≈


You could see 2 merfolk.

Vanquished Creatures
  2 orc warlords
  A stone giant (Shoals:1)
  Josephine (D:11)
  A minotaur (Lab)
  2 hydras
  Harold (Lair:2)
  20 death yaks
  2 orc high priests (Orc:2)
  A fire crab (Lair:5)
  3 sea snakes (Shoals:1)
  3 hill giants (D:10)
  A lindwurm (Lair:5)
  A faun (Shoals:1)
  A manticore (Shoals:1)
  2 wolf spiders (Spider:1)
  2 cyclopes
  7 orc knights
  An orb spider (Spider:1)
  7 orc sorcerers
  8 black mambas
  A siren (Lair:2)
  9 elephants
  2 centaur skeletons
  24 spiny frogs
  A torpor snail (Lair:5)
  A demonic crawler (Spider:1)
  8 komodo dragons
  3 rime drakes
  A jumping spider (Spider:1)
  2 two-headed ogres
  A polar bear (Lair:5)
  6 trolls
  3 tyrant leeches (Lair:6)
  2 wind drakes (Shoals:1)
  2 slime creatures (Lair:6)
  24 blink frogs
  3 merfolk (Lair:2)
  Grinder (D:3)
  13 hippogriffs
  A snapping turtle (Shoals:1)
  A shadow (D:11)
  12 redbacks
  2 tarantellas (Spider:1)
  4 wraiths (D:11)
  A water elemental (Shoals:1)
  32 yaks
  2 hungry ghosts
  A basilisk (Lair:2)
  2 steam dragons
  4 vampire mosquitoes (Lair:6)
  4 wargs (Orc:2)
  11 soldier ants
  23 water moccasins
  9 porcupines
  38 orc warriors
  2 sky beasts
  8 ogres
  2 phantoms
  2 necrophages
  3 centaurs
  13 wolves
  12 crocodiles
  18 bullfrogs
  2 wyvern skeletons
  3 scorpions
  21 killer bees
  8 wights
  4 howler monkeys
  7 electric eels
  2 crimson imps
  3 jellies
  11 orc priests
  2 bullfrog skeletons
  4 hounds
  A gnoll shaman (D:7)
  13 orc wizards
  Ijyb (D:3)
  11 iguanas
  16 worker ants
  A hound zombie (D:8)
  2 hound skeletons
  A howler monkey zombie (D:3)
  11 gnolls
  4 adders
  24 river rats
  A shadow imp (D:6)
  3 oozes
  An adder zombie (D:6)
  4 adder skeletons
  4 worms
  2 dart slugs
  5 leopard geckos
  75 orcs
  5 giant cockroaches
  9 goblins
  8 hobgoblins
  8 jackals
  4 quokkas
  3 ball pythons
  6 bats
  7 frilled lizards
  4 kobolds
  A leopard gecko zombie (D:6)
  10 rats
  3 fungi
  A plant (Lair:3)
697 creatures vanquished.

Vanquished Creatures (collateral kills)
  2 merfolk impalers (Shoals:1)
  A merfolk aquamancer (Shoals:2)
  A siren (Shoals:1)
  A wind drake (Shoals:1)
5 creatures vanquished.

Vanquished Creatures (others)
  An adder skeleton (D:6)
  24 fungi
  76 plants
101 creatures vanquished.

Grand Total: 803 creatures vanquished

Notes
Turn   | Place    | Note
-------+----------+-------------------------------------------
     0 | D:1      | witty the Deep Elf Conjurer began the quest for the Orb.
     0 | D:1      | Reached XP level 1. HP: 10/10 MP: 6/6
   254 | D:1      | Reached XP level 2. HP: 15/15 MP: 3/8
   309 | D:1      | Reached skill level 4 in Spellcasting
   717 | D:2      | Reached XP level 3. HP: 17/19 MP: 4/11
   722 | D:2      | Learned a level 3 spell: Dazzling Spray
   753 | D:2      | Reached skill level 5 in Spellcasting
   787 | D:2      | You fall through a shaft!
  1258 | D:2      | Found a burning altar of Makhleb.
  1375 | D:2      | Reached XP level 4. HP: 24/24 MP: 8/13
  1383 | D:2      | Learned a level 4 spell: Iskenderun's Mystic Blast
  1458 | D:3      | Reached skill level 6 in Spellcasting
  1667 | D:3      | Reached skill level 5 in Conjurations
  1731 | D:3      | Noticed Grinder
  1731 | D:3      | Paralysed by Grinder for 3 turns
  1739 | D:3      | HP: 6/24 [Grinder (8)]
  1739 | D:3      | HP: 2/24 [Grinder (4)]
  1741 | D:3      | Paralysed by Grinder for 6 turns
  1744 | D:3      | HP: 6/24 [Grinder/nerve-wracking pain (5)]
  1751 | D:3      | Killed Grinder
  1751 | D:3      | Reached skill level 6 in Conjurations
  1751 | D:3      | Reached XP level 5. HP: 7/28 MP: 0/15
  1751 | D:3      | Reached XP level 6. HP: 8/32 MP: 0/17
  1768 | D:3      | Found a bloodstained altar of Trog.
  2002 | D:3      | Learned a level 5 spell: Iskenderun's Battlesphere
  2184 | D:3      | Noticed Ijyb
  2191 | D:3      | Killed Ijyb
  2191 | D:3      | Reached skill level 1 in Hexes
  2453 | D:4      | Reached skill level 2 in Hexes
  2468 | D:4      | Reached skill level 7 in Conjurations
  2529 | D:4      | Reached skill level 3 in Hexes
  2968 | D:4      | Reached skill level 4 in Hexes
  3263 | D:5      | Entered Level 5 of the Dungeon
  3281 | D:5      | Reached XP level 7. HP: 36/36 MP: 13/18
  3291 | D:5      | Reached skill level 5 in Hexes
  3588 | D:5      | Noticed Maruxus's ghost (novice MiBe)
  3592 | D:5      | Reached skill level 6 in Hexes
  3778 | D:5      | Reached skill level 1 in Charms
  3815 | D:5      | Reached skill level 2 in Charms
  4044 | D:6      | Found a shimmering altar of Xom.
  4073 | D:6      | Reached skill level 3 in Charms
  4108 | D:6      | Reached skill level 4 in Charms
  4166 | D:6      | Reached skill level 5 in Charms
  4255 | D:6      | Reached skill level 6 in Charms
  4255 | D:6      | Reached XP level 8. HP: 20/41 MP: 9/19
  4581 | D:6      | Reached skill level 7 in Charms
  4695 | D:6      | Found a staircase to the Ecumenical Temple.
  4704 | Temple   | Entered the Ecumenical Temple
  4769 | Temple   | Became a worshipper of Vehumet
  5045 | D:7      | Reached skill level 1 in Fighting
  5046 | D:7      | Reached skill level 8 in Charms
  5237 | D:7      | Got a steaming battleaxe
  5265 | D:7      | Identified the +1 battleaxe of Judgement {pain, Int-2 Dex+6} (You found it on level 7 of the Dungeon)
  5313 | D:7      | Reached skill level 2 in Fighting
  5592 | D:8      | Found a blossoming altar of Fedhas.
  5708 | D:8      | Reached skill level 7 in Spellcasting
  5709 | D:8      | Reached skill level 3 in Fighting
  5773 | D:8      | Reached XP level 9. HP: 49/51 MP: 7/22
  5778 | D:8      | Reached skill level 8 in Spellcasting
  5779 | D:8      | Reached * piety under Vehumet
  5779 | D:8      | Offered knowledge of Flame Tongue by Vehumet.
  5918 | D:8      | Reached skill level 4 in Fighting
  5921 | D:8      | Reached skill level 3 in Dodging
  6221 | D:8      | Reached skill level 4 in Dodging
  6425 | D:8      | Reached skill level 5 in Fighting
  6425 | D:8      | Reached skill level 5 in Dodging
  6494 | D:9      | Noticed TySteely's ghost (novice GrFi)
  6689 | D:9      | Found an iron altar of Okawaru.
  6735 | D:9      | Reached skill level 6 in Dodging
  6804 | D:9      | Reached skill level 9 in Spellcasting
  6812 | D:9      | Reached skill level 7 in Dodging
  6840 | D:9      | Found a hide-covered altar of Uskayaw.
  6891 | D:9      | Reached XP level 10. HP: 59/59 MP: 24/25
  7184 | D:9      | Reached skill level 10 in Spellcasting
  7220 | D:10     | Entered Level 10 of the Dungeon
  7250 | D:10     | Reached skill level 8 in Dodging
  7316 | D:10     | Found a staircase to the Lair.
  7316 | D:10     | Noticed an elephant
  7334 | D:10     | Killed an elephant
  7374 | D:10     | Reached skill level 11 in Spellcasting
  7377 | D:10     | Offered knowledge of Sting by Vehumet.
  7377 | D:10     | Reached skill level 9 in Dodging
  7390 | D:10     | HP: 11/59 [yak (17)]
  7393 | D:10     | Reached ** piety under Vehumet
  7900 | Lair:1   | Entered Level 1 of the Lair of Beasts
  8019 | Lair:1   | Reached skill level 10 in Dodging
  8026 | Lair:1   | Reached skill level 12 in Spellcasting
  8136 | Lair:1   | Found a labyrinth entrance.
  8143 | Lab      | Entered a labyrinth
  8421 | Lab      | Noticed a minotaur
  8447 | Lab      | Killed a minotaur
  8447 | Lab      | Reached XP level 11. HP: 48/63 MP: 13/29
  8477 | Lab      | Identified a -2 rod of shadows (10/10) (You found it in a labyrinth)
  8478 | Lab      | Identified a +1 rod of clouds (12/12) (You found it in a labyrinth)
  8480 | Lab      | Gained mutation: Your muscles are strong. (Str +2) [potion of beneficial mutation]
  8622 | D:10     | Reached skill level 8 in Conjurations
  8732 | D:10     | Noticed a hill giant
  8737 | D:10     | Killed a hill giant
  9010 | D:10     | Reached skill level 9 in Conjurations
  9120 | D:10     | Noticed a hill giant
  9125 | D:10     | Killed a hill giant
  9290 | Lair:2   | Offered knowledge of Throw Flame by Vehumet.
  9290 | Lair:2   | Reached skill level 10 in Conjurations
  9314 | Lair:2   | Upgraded the game from 0.19-a0-1789-ga32af4e to 0.19-a0-1792-g28b16ba
  9501 | Lair:2   | Reached *** piety under Vehumet
  9524 | Lair:2   | Reached skill level 11 in Conjurations
  9825 | Lair:3   | Noticed a death yak
  9828 | Lair:3   | Reached skill level 12 in Conjurations
  9829 | Lair:3   | Noticed a death yak
  9879 | Lair:3   | Killed a death yak
  9928 | Lair:3   | Offered knowledge of Static Discharge by Vehumet.
 10048 | Lair:3   | Reached XP level 12. HP: 68/68 MP: 30/30
 10053 | Lair:3   | Reached skill level 13 in Conjurations
 10105 | Lair:3   | Noticed a death yak
 10139 | Lair:3   | Killed a death yak
 10161 | Lair:3   | Noticed a death yak
 10164 | Lair:3   | Noticed a death yak
 10165 | Lair:3   | Noticed a death yak
 10281 | Lair:3   | Killed a death yak
 10293 | Lair:3   | Killed a death yak
 10467 | Lair:4   | Reached skill level 14 in Conjurations
 10487 | Lair:4   | Found a hole to the Spider Nest.
 10689 | Lair:5   | Reached **** piety under Vehumet
 10724 | Lair:5   | Found a hazy altar of Hepliaklqana.
 10728 | Lair:5   | Noticed a death yak
 10728 | Lair:5   | Noticed a death yak
 10729 | Lair:5   | Noticed a death yak
 10729 | Lair:5   | Noticed a death yak
 10730 | Lair:5   | Noticed a death yak
 10731 | Lair:5   | Noticed a death yak
 10875 | Lair:5   | HP: 9/68 [fire crab] (16)]
 11600 | Lair:1   | Reached skill level 15 in Conjurations
 11680 | D:11     | Offered knowledge of Throw Icicle by Vehumet.
 11923 | D:11     | Found a roughly hewn altar of Beogh.
 11929 | D:11     | Found a staircase to the Orcish Mines.
 11947 | Orc:1    | Entered Level 1 of the Orcish Mines
 12011 | Orc:1    | Noticed an orc warlord
 12167 | D:11     | Found Guemior's Antique Armour Shop.
 12168 | D:11     | Reached skill level 6 in Fighting
 12287 | D:11     | Reached ***** piety under Vehumet
 12287 | D:11     | Offered knowledge of Poison Arrow by Vehumet.
 12300 | D:11     | Noticed Josephine
 12306 | D:11     | Killed Josephine
 12306 | D:11     | Reached skill level 7 in Fighting
 12318 | D:11     | Found Firaecs's Magic Scroll Shoppe.
 12450 | D:11     | Found Nuicozu's General Store.
 12570 | D:11     | Found Wudd's Distillery.
 12601 | D:11     | Reached XP level 13. HP: 48/76 MP: 31/31
 12686 | D:11     | Found Sewaosant's Changing Room.
 12697 | D:11     | Got a warped great mace
 12698 | D:11     | Identified the +2 great mace of Invincibility {drain, rC+ Str+3} (You found it on level 11 of the Dungeon)
 12971 | D:10     | Learned a level 7 spell: Orb of Destruction
 12972 | D:10     | Reached skill level 8 in Fighting
 13311 | Spider:1 | Entered Level 1 of the Spider Nest
 13365 | Spider:1 | Reached skill level 13 in Spellcasting
 13445 | Spider:1 | Noticed an entropy weaver
 13746 | Lair:5   | Reached skill level 14 in Spellcasting
 13950 | Lair:6   | Entered Level 6 of the Lair of Beasts
 14062 | Lair:6   | Reached skill level 15 in Spellcasting
 14067 | Lair:6   | Offered knowledge of Force Lance by Vehumet.
 14277 | Lair:5   | Reached skill level 16 in Spellcasting
 14298 | Lair:5   | HP: 18/78 [death yak (15)]
 14613 | Lair:5   | Learned a level 4 spell: Force Lance
 15094 | Lair:6   | HP: 14/78 [slime creature (18)]
 15118 | Lair:6   | HP: 9/78 [spiny frog (17)]
 15126 | Lair:6   | HP: 16/78 [yak (7)]
 15157 | Lair:6   | Reached skill level 17 in Spellcasting
 15157 | Lair:6   | Reached XP level 14. HP: 25/84 MP: 3/37
 15692 | Lair:6   | Found a staircase to the Slime Pits.
 15706 | Lair:6   | Reached skill level 18 in Spellcasting
 16102 | Lair:6   | Reached skill level 9 in Fighting
 16505 | Lair:6   | Offered knowledge of Bolt of Draining by Vehumet.
 16938 | Lair:5   | Reached skill level 16 in Conjurations
 17242 | D:11     | Killed an orc warlord
 17492 | Orc:1    | Found Ecuimef's Antique Armour Boutique.
 17567 | Orc:2    | Entered Level 2 of the Orcish Mines
 17860 | Orc:2    | Noticed an orc warlord
 18165 | Orc:2    | HP: 19/86 [warg (15)]
 18167 | Orc:1    | HP: 7/86 [orc warrior/glaive (13)]
 18244 | Orc:1    | Reached skill level 17 in Conjurations
 18615 | Orc:2    | Killed an orc warlord
 18848 | Orc:2    | Found Xeixto Kaup's General Store.
 18957 | Orc:2    | Found Ecle's Antique Armour Emporium.
 18987 | Orc:2    | Reached XP level 15. HP: 74/90 MP: 6/39
 19055 | Orc:2    | Found Coron's General Store.
 19067 | Orc:2    | Found Zuigal's Antique Weapon Emporium.
 19104 | Orc:2    | Found a staircase to the Elven Halls.
 19112 | Orc:2    | Found a bloodstained altar of Trog.
 19115 | Orc:2    | Found Panta's Jewellery Shop.
 19235 | Orc:2    | Upgraded the game from 0.19-a0-1792-g28b16ba to 0.19-a0-1815-g4007336
 19476 | Spider:1 | Reached ****** piety under Vehumet
 19477 | Spider:1 | Offered knowledge of Lee's Rapid Deconstruction by Vehumet.
 19863 | D:10     | Learned a level 7 spell: Spellforged Servitor
 19869 | D:10     | Learned a level 5 spell: Bolt of Magma
 20151 | Lair:1   | Reached skill level 18 in Conjurations
 20311 | Lair:2   | Found a staircase to the Shoals.
 20330 | Lair:2   | Reached skill level 1 in Summonings
 20330 | Lair:2   | Reached skill level 1 in Fire Magic
 20481 | Lair:2   | Noticed Harold
 20487 | Lair:2   | Killed Harold
 20794 | Lair:3   | Reached skill level 2 in Summonings
 20841 | Lair:3   | Reached skill level 2 in Fire Magic
 21148 | Lair:3   | Reached skill level 3 in Fire Magic
 21464 | Shoals:1 | Entered Level 1 of the Shoals
 21490 | Shoals:1 | Reached skill level 3 in Summonings
 21630 | Shoals:1 | Reached skill level 4 in Summonings
 21630 | Shoals:1 | Reached skill level 4 in Fire Magic
 21944 | Shoals:1 | Noticed a titan
 22072 | Shoals:2 | HP: 20/90 [something] (5)]
 22085 | Shoals:2 | HP: 16/90 [centaur/arrow (7)]
 22087 | Shoals:1 | Mangled by a merfolk

Vault maps used:
D:1:      kennysheep_arrival_forest
D:2:      kennysheep_six_static_rooms, lemuel_crystal_altar, first_bread
D:3:      nicolae_overflow_hidden_temple, minmay_misc_feat_iff, uniq_iyjb,
          uniq_grinder
D:4:      minivault_14
D:6:      basic_altar
D:7:      grunt_livestock, serial_bayou_lagoon_b
D:8:      overflow_temple_1_default, serial_corexii_hall,
          corexii_hall_statues_l, corexii_hall_statues_x
D:9:      eat_drink_and_be_merry_uskayaw, lemuel_doored_altar, kennysheep_nub,
          evilmike_ruin_ashenzari
D:10:     david_lair_generic, minmay_misc_feat_cross, minmay_parallelograms
D:11:     david_orc_5, serial_shops, kennysheep_mini_moat, nicolae_shop_crystal,
          shop, nicolae_shop_statue_plus, nicolae_transmutations_shop,
          uniq_josephine
Temple:   eino_temple_scatter_basement
Lair:1:   lab_entry_generic, serial_bayou_shore_b
Lair:2:   elwin_shoals_entry_stream, uniq_harold
Lair:3:   st_stairs_6, lemuel_fruit_fields
Lair:4:   spider_nest_entry_webs
Lair:5:   basic_altar, serial_bayou_lagoon_a, nicolae_quartered_pool_medium,
          grunt_megastairs_4
Lair:6:   minmay_lair_end_frog_pond, minmay_slime_entry_pillars,
          lemuel_fruit_fields
Shoals:1: st_sunken_temple
Shoals:2: nicolae_shoals_water_elemental_grotto
Spider:1: zaba_anthell
Orc:1:    serial_shops, nicolae_shop_statue_plus
Orc:2:    grunt_orc_gardens, grunt_orc_garden, grunt_orc_garden,
          grunt_orc_garden, grunt_orc_garden, basic_altar, serial_shops,
          nicolae_shop_window_shopping
Lab:      labyrinth_green, nicolae_lab_x, labyrinth_glass_1, nicolae_lab_blocks,
          nicolae_lab_t_cross, nicolae_lab_do_over, lab_fountain,
          nicolae_lab_arrow, nicolae_lab_very_dead_end

Skill      XL: |  1  2  3  4  5  6  7  8  9 10 11 12 13 14 15 |
---------------+----------------------------------------------+-----
Spellcasting   | 4 5 6 7 9 12 17 18 | 18.0
Conjurations   | 6 7 12 15 17 18 | 18.0
Hexes          | 4 6 |  6.4
Charms         | 6 8 |  8.3
Fighting       | 3 5 7 8 9 |  9.0
Dodging        | 7 10 | 10.3
Summonings     | 4 |  4.8
Fire Magic     | 4 |  4.7
Stealth        | |  2.4

Action                   |  1- 3 |  4- 6 |  7- 9 | 10-12 | 13-15 || total
-------------------------+-------+-------+-------+-------+-------++-------
Melee: Whip              |       |       |     2 |       |       ||     2
       Flail             |       |       |       |     2 |       ||     2
       Great mace        |       |       |       |       |    21 ||    21
 Cast: Magic Dart        |    70 |   110 |   147 |   230 |   276 ||   833
       Dazzling Spray    |       |     9 |    82 |   185 |   294 ||   570
       Iskenderun's Myst |       |     8 |    15 |    71 |    51 ||   145
       Iskenderun's Batt |       |       |    18 |    60 |    92 ||   170
       Orb of Destructio |       |       |       |       |    98 ||    98
       Force Lance       |       |       |       |       |    22 ||    22
       Spellforged Servi |       |       |       |       |     8 ||     8
Evoke: Wand              |       |       |     1 |     2 |     4 ||     7
       Phial of floods   |       |       |       |       |     1 ||     1
  Use: Scroll            |     4 |     9 |     5 |     7 |     9 ||    34
       Potion            |       |     4 |       |     1 |    12 ||    17
  Eat: Chunk             |     1 |     7 |    13 |    18 |    43 ||    82
       Royal jelly       |       |       |     1 |       |       ||     1
       Fruit             |       |       |       |     5 |     3 ||     8
       Pizza             |       |       |       |     1 |     2 ||     3
       Bread ration      |       |       |       |       |     1 ||     1
       Meat ration       |       |       |       |       |     1 ||     1
       Beef jerky        |       |       |       |       |     1 ||     1
Armor: Robe              |     1 |       |     4 |     8 |    22 ||    35
Dodge: Dodged            |    16 |    14 |    34 |   117 |   278 ||   459

Vault maps used:
D:1:      kennysheep_arrival_forest
D:2:      kennysheep_six_static_rooms, lemuel_crystal_altar, first_bread
D:3:      nicolae_overflow_hidden_temple, minmay_misc_feat_iff, uniq_iyjb,
          uniq_grinder
D:4:      minivault_14
D:6:      basic_altar
D:7:      grunt_livestock, serial_bayou_lagoon_b
D:8:      overflow_temple_1_default, serial_corexii_hall,
          corexii_hall_statues_l, corexii_hall_statues_x
D:9:      eat_drink_and_be_merry_uskayaw, lemuel_doored_altar, kennysheep_nub,
          evilmike_ruin_ashenzari
D:10:     david_lair_generic, minmay_misc_feat_cross, minmay_parallelograms
D:11:     david_orc_5, serial_shops, kennysheep_mini_moat, nicolae_shop_crystal,
          shop, nicolae_shop_statue_plus, nicolae_transmutations_shop,
          uniq_josephine
Temple:   eino_temple_scatter_basement
Lair:1:   lab_entry_generic, serial_bayou_shore_b
Lair:2:   elwin_shoals_entry_stream, uniq_harold
Lair:3:   st_stairs_6, lemuel_fruit_fields
Lair:4:   spider_nest_entry_webs
Lair:5:   basic_altar, serial_bayou_lagoon_a, nicolae_quartered_pool_medium,
          grunt_megastairs_4
Lair:6:   minmay_lair_end_frog_pond, minmay_slime_entry_pillars,
          lemuel_fruit_fields
Shoals:1: st_sunken_temple
Shoals:2: nicolae_shoals_water_elemental_grotto
Spider:1: zaba_anthell
Orc:1:    serial_shops, nicolae_shop_statue_plus
Orc:2:    grunt_orc_gardens, grunt_orc_garden, grunt_orc_garden,
          grunt_orc_garden, grunt_orc_garden, basic_altar, serial_shops,
          nicolae_shop_window_shopping
Lab:      labyrinth_green, nicolae_lab_x, labyrinth_glass_1, nicolae_lab_blocks,
          nicolae_lab_t_cross, nicolae_lab_do_over, lab_fountain,
          nicolae_lab_arrow, nicolae_lab_very_dead_end

Table legend:
 A = Turns spent in this place as a percentage of turns spent in the entire game.
 B = Non-inter-level travel turns spent in this place as a percentage of non-inter-level travel turns spent in the entire game.
 C = Inter-level travel turns spent in this place as a percentage of turns spent in this place.
 D = Turns resting spent in this place as a percentage of non-inter-level travel turns spent in this place.
 E = Turns spent auto-exploring this place as a percentage of non-inter-level travel turns spent in this place.
 F = Non-inter-level travel turns spent in this place divided by the number of levels of this place that you've seen.
                   A       B       C       D       E      F
               +-------+-------+-------+-------+-------+----------------------
         Total | 100.0 | 100.0 |   0.7 |   2.1 |   2.9 | 380.5
       Dungeon |  33.1 |  33.1 |   0.7 |   2.0 |   7.2 | 274.5
        Temple |   0.3 |   0.3 |   4.0 |   0.0 |  37.5 |  24.0
          Lair |  45.8 |  45.8 |   0.8 |   2.2 |   1.0 | 696.3
        Shoals |   5.2 |   5.3 |   0.4 |   1.7 |   0.0 | 240.0
   Spider Nest |   2.1 |   2.1 |   0.0 |   1.0 |   0.0 | 194.0
  Orcish Mines |  11.1 |  11.1 |   0.2 |   3.1 |   0.0 | 508.0
     Labyrinth |   2.4 |   2.4 |   0.0 |   0.9 |   0.0 | 220.0
               +-------+-------+-------+-------+-------+----------------------

Table legend:
 A = Kills in this place as a percentage of kills in entire the game.
 B = Kills by you in this place as a percentage of kills by you in the entire game.
 C = Kills by friends in this place as a percentage of kills by friends in the entire game.
 D = Other kills in this place as a percentage of other kills in the entire game.
 E = Experience gained in this place as a percentage of experience gained in the entire game.
 F = Experience gained in this place divided by the number of levels of this place that you have seen.
                   A       B       C       D       E      F
               +-------+-------+-------+-------+-------+----------------------
         Total | 100.0 | 100.0 | 100.0 | 100.0 | 100.0 | 5207.6
       Dungeon |  42.9 |  43.1 |   0.0 | 100.0 |  18.5 | 2107.3
          Lair |  35.2 |  35.5 |   0.0 |   0.0 |  54.3 | 11310.5
        Shoals |   2.3 |   1.6 | 100.0 |   0.0 |   6.6 | 4148.5
   Spider Nest |   4.9 |   4.9 |   0.0 |   0.0 |   5.5 | 6822.0
  Orcish Mines |  14.4 |  14.6 |   0.0 |   0.0 |  14.1 | 8789.5
     Labyrinth |   0.3 |   0.3 |   0.0 |   0.0 |   1.0 | 1242.0
               +-------+-------+-------+-------+-------+----------------------
